 Dungeon Crawl Stone Soup version 0.28.0-53-g5a82cb258f (webtiles) character file.

Game seed: 10067899982064536761

49389 Peloso the Fencer (level 14, -6/125 (132) HPs)
             Began as a Minotaur Fighter on July 11, 2022.
             Was the Champion of Okawaru.
             Mangled by an orc warlord
             ... wielding a +0 battleaxe of draining
              (23 damage)
             ... on level 2 of the Orcish Mines.
             The game lasted 00:42:08 (23894 turns).

Peloso the Fencer (Minotaur Fighter)               Turns: 23894, Time: 00:42:08

HP:   -6/125 (132)  AC: 29    Str: 29      XL:     14   Next: 15%
MP:   3/5           EV: 12    Int:  6 (9)  God:    Okawaru [******]
Gold: 1650          SH: 13    Dex: 12      Spells: 13/13 levels left

rFire   . . .      SeeInvis .   a - +5 scimitar (flame)
rCold   + . .      Faith    .   c - +0 buckler
rNeg    . . .      Spirit   .   A - +0 plate armour
rPois   .          Reflect  +   L - +0 hat of Feasting {MP-9 Str+5 Int+4 Stlth+}
rElec   .          Harm     .   j - +0 cloak of Kioploam {rC+}
rCorr   .          Rampage  .   (no gloves)
Will    +....                   (no boots)
Stlth   ..........              z - amulet of reflection
HPRegen 0.30/turn               q - +4 ring of protection
MPRegen 0.09/turn               I - +4 ring of protection

@: about to teleport, heroic, spiked, drained
A: horns 2, retaliatory headbutt
a: Renounce Religion, Heroism, Finesse, Duel


You were on level 2 of the Orcish Mines.
You worshipped Okawaru.
Okawaru was exalted by your worship.
You visited 4 branches of the dungeon, and saw 20 of its levels.
You also visited: Ossuary and Gauntlet.

You collected 1804 gold pieces.
You spent 154 gold pieces at shops.

Inventory:

Hand Weapons
 a - a +5 scimitar of flaming (weapon)
 b - the +4 hand axe "Oclem" {flame, rC+ Dex-2 SInv Stlth+}
   (You found it on level 12 of the Dungeon)

   It burns those it strikes, dealing additional fire damage.
   Big, fiery blades are also staple armaments of hydra-hunters.
   Dex:       It affects your dexterity (-2).
   rC:        It protects you from cold.
   SInv:      It lets you see invisible.
   Stlth:     It makes you more stealthy.
Armour
 c - a +0 buckler (worn)
 j - the +0 cloak of Kioploam (worn) {rC+}
   (Okawaru gifted it to you on level 11 of the Dungeon)

   rC:        It protects you from cold.
 k - a +0 chain mail
 r - a +1 chain mail of fire resistance
 u - a +0 cloak
 A - a +0 plate armour (worn)
 L - the +0 hat of Feasting (worn) {MP-9 Str+5 Int+4 Stlth+}
   (You found it in a Gauntlet)

   Str:       It affects your strength (+5).
   Int:       It affects your intelligence (+4).
   MP:        It affects your magic capacity (-9).
   Stlth:     It makes you more stealthy.
Jewellery
 h - a ring of willpower
 m - a +4 ring of evasion
 q - a +4 ring of protection (left hand)
 z - an amulet of reflection (around neck)
 H - a ring of flight
 I - a +4 ring of protection (right hand)
 K - a ring of protection from fire
 W - a ring of protection from cold
Scrolls
 g - 8 scrolls of teleportation
 i - 3 scrolls of identify
 w - 7 scrolls of immolation
 x - 2 scrolls of magic mapping
 y - 4 scrolls of blinking
 Y - 2 scrolls of noise
Potions
 d - a potion of might
 e - 9 potions of curing
 f - 4 potions of heal wounds
 l - 6 potions of haste
 n - 6 potions of resistance {unknown}
 t - 2 potions of magic {unknown}
 v - 7 potions of lignification {unknown}
 R - 2 potions of berserk rage {unknown}
 U - a potion of flight {unknown}
 X - 2 potions of degeneration {unknown}
Miscellaneous
 p - a phial of floods


   Skills:
 + Level 14.1(19.1) Fighting
 + Level 16.8(21.8) Long Blades
 + Level 15.4(20.4) Armour
 + Level 4.0(9.0) Dodging
 + Level 2.3(7.3) Stealth
 + Level 13.0(18.0) Shields
 + Level 2.5 Invocations


You had 13 spell levels left.
You didn't know any spells.
Your spell library contained the following spells:

 Spells                   Type           Power      Damage    Failure   Level
 Apportation              Tloc           0%         N/A       93%         1
 Beastly Appendage        Tmut           0%         N/A       93%         1
 Freeze                   Ice            0%         1d3       93%         1
 Ensorcelled Hibernation  Hex/Ice        0%         N/A       98%         2
 Passwall                 Tmut/Erth      0%         N/A       98%         2
 Static Discharge         Conj/Air       0%         N/A       98%         2
 Wereblood                Tmut           0%         N/A       98%         2
 Dazzling Flash           Conj/Hex       0%         N/A       100%        3
 Frozen Ramparts          Ice            0%         1d2       100%        3
 Gell's Gravitas          Tloc           0%         N/A       100%        3
 Lesser Beckoning         Tloc           0%         N/A       100%        3
 Spider Form              Tmut/Pois      0%         N/A       100%        3
 Swiftness                Air            0%         N/A       100%        3
 Teleport Other           Tloc           0%         N/A       100%        3
 Dispel Undead            Necr           0%         3d6       100%        4
 Hailstorm                Conj/Ice       0%         3d3       100%        4
 Ice Form                 Ice/Tmut       0%         N/A       100%        4
 Sticky Flame             Conj/Fire      0%         2d3       100%        4
 Agony                    Necr           0%         N/A       100%        5
 Silence                  Hex/Air        0%         N/A       100%        5
 Animate Skeleton         Necr           Unusable   N/A       N/A         1
 Summon Small Mammal      Summ           Unusable   N/A       N/A         1
 Simulacrum               Ice/Necr       Unusable   N/A       N/A         6

Dungeon Overview and Level Annotations

Branches:
Dungeon (12/15)            Temple (1/1) D:7            Lair (5/6) D:9
 Shoals (0/4) Lair:3        Snake (0/4) Lair:4        Slime (0/5) Lair:5
    Orc (2/2) D:11            Elf (0/3) Orc:2       Ossuary (visited)
Gauntlet (visited)

Altars:
Cheibriados
Dithmenos
Elyvilon
Fedhas
Gozag
Hepliaklqana
Kikubaaqudgha
Makhleb
Nemelex Xobeh
Okawaru
Qazlal
Ru
Sif Muna
Trog
Uskayaw
Wu Jian
Xom
Yredelemnul
Zin
Beogh
Jiyva

Shops:
D:6 !   Orc:2 =

Annotations:
D:3 3 runed translucent doors, duchin's ghost, amateur MiFi
D:9 exclusion: orange crystal statue
Lair:2 Casa


Innate Abilities, Weirdness & Mutations

You have a pair of horns on your head.
You reflexively headbutt those who attack you in melee.


Message History

You feel drained.
You hit the orc warlord. You burn the orc warlord.
The orc warlord is moderately wounded.
The red devil hits you from afar with a +3 vampiric demon trident.
Barbed spikes become lodged in your body.
The red devil draws strength from your wounds!
You block the orc warlord's attack.
You gain the combat prowess of a mighty hero.
You block the red devil's attack.
The orc warlord hits you with a +0 battleaxe of draining!
You feel drained.
The soul eater draws from the surrounding life force!
* * * LOW HITPOINT WARNING * * *
You hit the orc warlord. You burn the orc warlord.
The orc warlord is heavily wounded.
The red devil hits you from afar with a +3 vampiric demon trident!
* * * LOW HITPOINT WARNING * * *
Barbed spikes become lodged in your body.
The red devil draws strength from your wounds!
The orc warlord hits you but does no damage.
You feel drained.
As you read the scroll of teleportation, it crumbles to dust.
You feel strangely unstable.
The orc no longer looks unusually strong.
You block the red devil's attack.
The orc warlord roars a battlecry!
The orc goes into a battle-frenzy!
You hear a shout!
You slice the orc warlord!! You burn the orc warlord!
The orc warlord is severely wounded.
You hear a shout! x2
The red devil hits you from afar with a +3 vampiric demon trident.
* * * LOW HITPOINT WARNING * * *
Barbed spikes become lodged in your body.
Unknown command.
You slash the orc warlord! You burn the orc warlord.
You headbutt the orc warlord, but do no damage.
The orc warlord is almost dead.
The orc warlord hits you with a +0 battleaxe of draining!!
You die...

##.## ##.## #..#
#..# #.## ##.# #.#
#.# #.# #.# #.#
#.# #.# #.# #.#
.#...# #)# #.#
'..oo #@# #.#
#...# #o# #.#
##.oo## #4# #.##
#8.o.8# ##o#
#..###..o..###o3#
##...##'')##.3o##
#.......o..oo###
###...#.8.8)#####
#.#........###..##


You could see an orc warlord, a soul eater (summoned), an orc high priest
(strong), a red devil (summoned) and 2 orcs.

Vanquished Creatures
  A minotaur (Gauntlet)
  Harold (Lair:1)
  A rakshasa (D:10)
  2 boulder beetles
  5 hydras
  Erica (D:8)
  A catoblepas (Lair:4)
  3 two-headed ogres
  An orc high priest (Orc:2)
  6 death yaks (Lair:2)
  5 skeletal warriors
  An obsidian statue (Gauntlet)
  2 orc knights (Orc:2)
  A deep elf pyromancer (D:12)
  A manticore (D:12)
  4 orc sorcerers (Orc:2)
  12 elephants
  A black mamba (Lair:4)
  6 cane toads
  A torpor snail (Gauntlet)
  Maggie (Lair:2)
  3 komodo dragons
  3 trolls
  13 blink frogs
  10 slime creatures
  A meliai zombie (D:11)
  7 dream sheep (Lair:5)
  A wraith (D:12)
  A wyvern (Lair:4)
  2 basilisks
  27 yaks
  2 steam dragons
  3 vampire mosquitoes (D:12)
  A warg (Orc:2)
  2 acid dragons
  11 water moccasins
  2 black bears (D:8)
  25 orc warriors
  An ogre (Orc:1)
  13 wolves
  6 necrophages
  4 centaurs
  A phantom (D:6)
  2 kobold brigands (D:8)
  14 bullfrogs
  A gnoll sergeant (D:9)
  2 scorpions
  A wyvern zombie (D:5)
  3 killer bees (D:9)
  9 wights
  3 howler monkeys
  An electric eel (D:7)
  6 centaur zombies
  4 hounds
  A bullfrog zombie (D:5)
  A gnoll shaman (D:6)
  4 jellies
  16 orc priests
  Crazy Yiuf (D:6)
  A bullfrog skeleton (D:5)
  An iguana (D:5)
  A scorpion zombie (D:5)
  25 orc wizards
  5 hell rats (Lair:3)
  2 hound skeletons (D:4)
  13 mummies (Ossuary)
  16 gnolls
  2 howler monkey zombies
  11 adders
  A white imp (D:7)
  An ufetubus (D:7)
  3 worms
  3 dart slugs
  78 orcs
  4 ball pythons
  4 endoplasms
  2 giant cockroaches (D:1)
  6 goblins
  8 hobgoblins
  8 jackals
  19 kobolds
  3 quokkas
  4 bats
  3 frilled lizards
  A gnoll skeleton (Ossuary)
  A kobold skeleton (Ossuary)
  6 orc skeletons (Ossuary)
  2 quokka zombies (D:7)
  11 rats
  11 rat skeletons (Ossuary)
521 creatures vanquished.

Vanquished Creatures (others)
  A sky beast (D:7)
  An orc (Orc:2)
  21 fungi
  31 plants
  6 toadstools (D:1)
  A withered plant (Gauntlet)
61 creatures vanquished.

Grand Total: 582 creatures vanquished

Notes
Turn   | Place    | Note
-------+----------+-------------------------------------------
     0 | D:1      | Peloso the Minotaur Fighter began the quest for the Orb.
     0 | D:1      | Reached XP level 1. HP: 19/19 MP: 0/0
   128 | D:1      | Reached XP level 2. HP: 27/27 MP: 1/1
   487 | D:1      | Reached XP level 3. HP: 28/33 MP: 2/2
   679 | D:1      | Found a faded altar of an unknown god.
   933 | D:2      | Found a shimmering blue altar of Sif Muna.
  1166 | D:2      | Reached skill level 3 in Long Blades
  1264 | D:2      | Reached XP level 4. HP: 40/40 MP: 3/3
  1749 | D:3      | Reached skill level 4 in Long Blades
  1749 | D:3      | Reached XP level 5. HP: 20/47 MP: 4/4
  1943 | D:3      | Reached skill level 5 in Armour
  2056 | D:3      | Found a runed translucent gate.
  2056 | D:3      | Found a runed translucent gate.
  2056 | D:3      | Found a runed translucent gate.
  2070 | D:3      | Noticed duchin's ghost (amateur MiFi)
  2434 | D:3      | Found a hazy altar of Hepliaklqana.
  2741 | D:4      | Reached skill level 5 in Long Blades
  2741 | D:4      | Reached XP level 6. HP: 30/52 MP: 5/5
  2947 | D:4      | Reached skill level 5 in Fighting
  3163 | D:4      | Found a bloodstained altar of Trog.
  3186 | D:4      | Found a white marble altar of Elyvilon.
  3200 | D:4      | Reached skill level 6 in Long Blades
  3205 | D:4      | Reached XP level 7. HP: 45/61 MP: 6/6
  3344 | D:4      | Reached skill level 1 in Dodging
  3731 | D:4      | Reached skill level 5 in Shields
  3949 | D:5      | Entered Level 5 of the Dungeon
  4378 | D:5      | Reached skill level 7 in Long Blades
  4643 | D:5      | Reached XP level 8. HP: 69/69 MP: 7/7
  5365 | D:6      | Reached skill level 8 in Long Blades
  5584 | D:6      | Found Destriclit's Distillery.
  5595 | D:6      | Bought a potion of mutation for 112 gold pieces
  5595 | D:6      | Bought a potion of curing for 42 gold pieces
  5609 | D:6      | Noticed a two-headed ogre
  5625 | D:6      | Killed a two-headed ogre
  5626 | D:6      | Reached skill level 9 in Long Blades
  5949 | D:6      | Reached XP level 9. HP: 56/78 MP: 8/8
  6301 | D:6      | Found a runed translucent door.
  6302 | D:6      | Noticed Crazy Yiuf
  6498 | D:6      | Killed Crazy Yiuf
  6652 | D:7      | Found a sand-covered staircase.
  6742 | Ossuary  | Entered an ossuary
  6947 | Ossuary  | Reached skill level 1 in Stealth
  7166 | D:7      | Found a staircase to the Ecumenical Temple.
  7192 | Temple   | Entered the Ecumenical Temple
  7239 | Temple   | Became a worshipper of Warmaster Okawaru
  7374 | D:7      | Reached skill level 10 in Long Blades
  7980 | D:8      | Noticed Erica
  7993 | D:8      | Killed Erica
  8346 | D:8      | Reached skill level 11 in Long Blades
  8352 | D:8      | Reached * piety under Okawaru
  8708 | D:8      | Reached XP level 10. HP: 63/87 MP: 9/9
  9208 | D:8      | Found a snail-covered altar of Cheibriados.
  9321 | D:9      | Noticed a two-headed ogre
  9339 | D:8      | Reached skill level 10 in Armour
  9550 | D:8      | Reached ** piety under Okawaru
  9554 | D:8      | Killed a two-headed ogre
  9555 | D:8      | Reached skill level 12 in Long Blades
  9567 | D:9      | Noticed an elephant
  9879 | D:7      | Killed an elephant
  9905 | D:9      | Reached *** piety under Okawaru
  9935 | D:9      | Noticed an orange crystal statue
  9942 | D:9      | Found a staircase to the Lair.
 10606 | D:10     | Entered Level 10 of the Dungeon
 10606 | D:10     | Noticed a rakshasa
 10606 | D:10     | Noticed a five-headed hydra
 10614 | D:9      | Killed a two-headed hydra
 10718 | D:10     | Found a blossoming altar of Fedhas.
 10727 | D:10     | Reached XP level 11. HP: 9/97 MP: 10/10
 11076 | D:10     | Found a sacrificial altar of Ru.
 12018 | Lair:1   | Entered Level 1 of the Lair of Beasts
 12050 | Lair:1   | Received a gift from Okawaru
 12051 | Lair:1   | Reached skill level 13 in Long Blades
 12531 | Lair:1   | Reached **** piety under Okawaru
 12651 | Lair:1   | Noticed Harold
 12671 | Lair:1   | Killed Harold
 12872 | Lair:1   | Reached ***** piety under Okawaru
 12880 | Lair:1   | Reached skill level 10 in Fighting
 12880 | Lair:1   | Reached skill level 14 in Long Blades
 13518 | Lair:2   | Noticed a death yak
 13520 | Lair:2   | Noticed a death yak
 13520 | Lair:2   | Noticed a death yak
 13520 | Lair:2   | Noticed a death yak
 13524 | Lair:2   | Noticed a death yak
 13524 | Lair:2   | Noticed a death yak
 13529 | Lair:2   | Found a gate leading to a gauntlet.
 13538 | Lair:2   | Killed a death yak
 13538 | Lair:2   | Received a gift from Okawaru
 13550 | Lair:2   | Killed a death yak
 13552 | Gauntlet | Entered a Gauntlet
 13552 | Gauntlet | Found a transporter.
 13555 | Gauntlet | Found a transporter.
 13556 | Gauntlet | Found a transporter.
 13557 | Gauntlet | Found a transporter.
 13560 | Gauntlet | Found a transporter.
 13561 | Gauntlet | Found a transporter.
 13569 | Gauntlet | Noticed a fire crab
 13575 | Gauntlet | Found a transporter.
 13598 | Gauntlet | Noticed a wretched star
 13604 | Gauntlet | Found a transporter.
 13604 | Gauntlet | Found a transporter.
 13607 | Gauntlet | Found a transporter.
 13608 | Gauntlet | Noticed a death drake
 13652 | Gauntlet | Found a transporter.
 13685 | Gauntlet | Found a transporter.
 13685 | Gauntlet | Noticed an obsidian statue
 13711 | Gauntlet | Noticed a four-headed hydra
 13794 | Gauntlet | Killed a one-headed hydra
 13794 | Gauntlet | Identified the +1 robe of Too Many Cooks {rPois rF- Int+6}
                  | (Okawaru gifted it to you in a Gauntlet)
 13794 | Gauntlet | Received a gift from Okawaru
 13812 | Gauntlet | Identified the +4 pair of gloves of the Foremost Runes
                  | {*Corrode rPois Int+7}
 13922 | Gauntlet | Killed an obsidian statue
 13925 | Gauntlet | Identified the +0 hat of Feasting {MP-9 Str+5 Int+4 Stlth+}
 13983 | Gauntlet | Noticed a minotaur
 13990 | Gauntlet | Killed a minotaur
 13991 | Gauntlet | Reached skill level 1 in Invocations
 13991 | Gauntlet | Reached XP level 12. HP: 82/108 MP: 2/11
 14223 | Lair:2   | Killed a death yak
 14232 | Lair:2   | Killed a death yak
 14239 | Lair:2   | Killed a death yak
 14247 | Lair:2   | Killed a death yak
 15029 | Lair:2   | Noticed Maggie
 15040 | Lair:2   | Killed Maggie
 15041 | Lair:2   | Reached skill level 15 in Long Blades
 15680 | Lair:3   | Reached skill level 10 in Shields
 16187 | Lair:3   | Found a staircase to the Shoals.
 16411 | Lair:4   | Noticed a six-headed hydra
 16434 | Lair:4   | Killed a three-headed hydra
 16640 | Lair:4   | Noticed a four-headed hydra
 16645 | Lair:4   | Killed a one-headed hydra
 16751 | Lair:4   | Reached XP level 13. HP: 118/118 MP: 4/13
 16760 | Lair:4   | Reached ****** piety under Okawaru
 16826 | Lair:4   | Found a staircase to the Snake Pit.
 18214 | Lair:5   | Received a gift from Okawaru
 18443 | Lair:5   | Found a viscous altar of Jiyva.
 18443 | Lair:5   | Found a staircase to the Slime Pits.
 18885 | D:10     | Reached skill level 16 in Long Blades
 19331 | D:11     | Found a staircase to the Orcish Mines.
 19442 | D:11     | Identified the +0 cloak of Kioploam {rC+} (Okawaru gifted
                  | it to you on level 11 of the Dungeon)
 19442 | D:11     | Received a gift from Okawaru
 20748 | D:12     | Identified the +4 hand axe "Oclem" {flame, rC+ Dex-2 SInv
                  | Stlth+}
 21233 | D:12     | Reached skill level 15 in Armour
 21475 | Orc:1    | Entered Level 1 of the Orcish Mines
 21855 | Orc:2    | Entered Level 2 of the Orcish Mines
 21950 | Orc:2    | Found Naekh's Jewellery Shoppe.
 21984 | Orc:2    | Reached XP level 14. HP: 52/130 MP: 3/14
 22405 | Orc:2    | Identified the +1 ring mail of Vuasufyph {Str-3 Int+8}
                  | (Okawaru gifted it to you on level 2 of the Orcish Mines)
 22405 | Orc:2    | Received a gift from Okawaru
 22474 | Orc:2    | Found a staircase to the Elven Halls.
 23299 | Orc:2    | Found Foluxu's Magic Scroll Boutique.
 23876 | Orc:2    | Noticed an orc warlord
 23894 | Orc:2    | Mangled by an orc warlord

Illustrated notes

Levels and vault maps discovered:
D:1:      matt_arrival_refuge, layout_loops_ring,
          hellmonk_ecumenical_altar_prayer_group, minmay_gold_behind_fungi,
          minmay_pentomino_z2
D:2:      minmay_general_purpose_star, layout_basic, basic_altar
D:3:      layout_rooms, nicolae_hepliaklqana_hippocampus,
          ebering_ghost_rock_garden, hangedman_decor_push
D:4:      layout_loops_cross, mainiacjoe_overflow_catwalk, amcnicky_altar_gilded
D:5:      layout_basic
D:6:      layout_loops_ring, serial_shops, shop, uniq_crazy_yiuf_cottage
D:7:      layout_cave_pools, minmay_temple_entry_sparse_star, enter_ossuary_4,
          grunt_ministairs_14, kennysheep_crisscross,
          corexii_item_surrounded_by_moat
D:8:      wad_cavern_with_rooms, layout_basic, cheibrodos_worm_habitat,
          uniq_erica
D:9:      layout_rooms, david_lair_generic, chequers_jeans,
          hellmonk_bongcloud_opening, minmay_protected_statue
D:10:     layout_irregular_city, mainiacjoe_overflow_cross_hatched,
          mainiacjoe_overflow_brackets
D:11:     layout_irregular_city, orc_0_dummy
D:12:     layout_basic, minmay_joined_circles
Temple:   nicolae_temple_elliptical
Lair:1:   layout_regular_city, uniq_harold
Lair:2:   layout_gridlike, gauntlet_entry_generic, roderic_carrion_pond,
          lemuel_fruit_tree, serial_bayou_shore_b, uniq_maggie
Lair:3:   layout_roguey, shoals_dummy_entry
Lair:4:   layout_layer_cave, dummy_snake_entry, infiniplex_staircase_pool,
          grunt_megastairs_2
Lair:5:   layout_concentric_octagons, dpeg_slime_entry_enclosed_altar,
          minmay_holes
Orc:1:    layout_caves, special_room [special_room_orc]
Orc:2:    grunt_orc_community_town_hall, layout_caves,
          grunt_orc_community_big_house_1, grunt_orc_community_big_house_1,
          grunt_orc_community_house_1, grunt_orc_community_house_3,
          grunt_orc_community_house_3, grunt_orc_community_house_1,
          grunt_orc_community_house_1, grunt_orc_community_house_3,
          statue_in_the_mist_lemuel, minmay_shop_enchanted_jewellery

Skill      XL: |  1  2  3  4  5  6  7  8  9 10 11 12 13 14 |
---------------+-------------------------------------------+-----
Shields        | 4 5 6 7 8 11 12 13 | 13.0
Armour         | 4 5 6 8 9 11 13 14 15 | 15.4
Fighting       | 4 5 6 8 9 10 12 13 14 | 14.1
Long Blades    | 3 4 5 6 7 9 11 12 14 15 16 | 16.8
Dodging        | 1 2 3 4 |  4.0
Stealth        | 1 2 |  2.3
Invocations    | 1 2 |  2.5

Action                   |  1- 3 |  4- 6 |  7- 9 | 10-12 | 13-15 || total
-------------------------+-------+-------+-------+-------+-------++-------
Melee: Long sword        |    75 |   139 |   354 |       |       ||   568
       Headbutt          |    14 |    22 |    83 |   145 |   103 ||   367
       Scimitar          |       |       |    20 |   554 |   498 ||  1072
Invok: Heroism           |       |       |       |     9 |    11 ||    20
       Finesse           |       |       |       |     1 |       ||     1
Evoke: Wand              |       |       |       |       |     3 ||     3
  Use: Scroll            |     3 |     3 |     3 |     9 |     4 ||    22
       Potion            |       |       |     1 |     3 |       ||     4
Armor: Scale mail        |    22 |       |       |       |       ||    22
       Chain mail        |     2 |    65 |   160 |       |       ||   227
       Plate armour      |       |       |     3 |   342 |   179 ||   524
Dodge: Dodged            |    34 |    38 |   118 |   195 |   140 ||   525
Block: Buckler           |    15 |    33 |    76 |   226 |   221 ||   571
       Reflection        |       |       |       |       |     5 ||     5
